 Dungeon Crawl Stone Soup version 0.27-a0-1242-ge70438ac7b (webtiles) character file.

Game seed: 5271206296520229201

371 Kinoniko the Chopper (level 6, -1/50 HPs)
             Began as a Palentonga Berserker on June 9, 2021.
             Was a Believer of Trog.
             Killed by nerve-wracking pain
             ... invoked by an orc priest
              (12 damage)
             ... on level 5 of the Dungeon.
             The game lasted 00:03:07 (3540 turns).

Kinoniko the Chopper (Palentonga Berserker)         Turns: 3540, Time: 00:03:07

Health: -1/50      AC: 17    Str: 22    XL:     6   Next: 42%
Magic:  6/6        EV:  8    Int:  7    God:    Trog [**....]
Gold:   72         SH:  0    Dex: 13    Spells: 5/5 levels left

rFire    . . .     SeeInvis +   d - +3 flail (protect)
rCold    + . .     Faith    .   (no shield)
rNeg     . . .     Spirit   .   k - +1 scale mail {rC+}
rPois    .         Reflect  .   (no helmet)
rElec    .         Harm     .   (no cloak)
rCorr    .         Rampage  .   m - +2 pair of gloves {Dex+3}
Will     .....                  (no barding)
Stlth    ..........             (no amulet)
HPRegen  0.16/turn              (no ring)
MPRegen  0.10/turn              (no ring)

@: under a protective aura, on berserk cooldown, slowed, very slow
A: large, rugged brown scales 3, see invisible, deformed body, roll 1, armoured
tail
a: Rolling Charge, Renounce Religion, Berserk, Trog's Hand


You were on level 5 of the Dungeon.
You worshipped Trog.
Trog was pleased with you.
You visited 1 branch of the dungeon, and saw 4 of its levels.

You collected 72 gold pieces.

Inventory:

Hand Weapons
 a - a +0 hand axe
 d - a +3 flail of protection (weapon)
Armour
 k - a +1 scale mail of cold resistance (worn)
 m - a +2 pair of gloves of dexterity (worn)
Jewellery
 j - an amulet of magic regeneration
Wands
 n - a wand of iceblast (7)
Scrolls
 c - a scroll of teleportation
 e - 2 scrolls of fear
Potions
 b - a potion of resistance {unknown}
 f - 2 potions of haste {unknown}
 h - 2 potions of lignification {unknown}
 i - 2 potions of berserk rage {unknown}
 l - a potion of curing {unknown}


   Skills:
 - Level 3.0 Fighting
 - Level 6.1(6.6) Axes
 * Level 3.7(5.4) Maces & Flails
 - Level 1.5 Armour
 - Level 1.5 Dodging


You had 5 spell levels left.
You didn't know any spells.
Your spell library was empty.

Dungeon Overview and Level Annotations

Branches:
Dungeon (3/15)

Altars:


Innate Abilities, Weirdness & Mutations

You are completely covered in rugged brown scales. (AC +3, +7% HP)
You have supernaturally acute eyesight. (SInv)
Armour fits poorly on your strangely shaped body.
You can roll at nearby foes to attack.
You have a long armoured tail.


Message History

You hit the orc priest.
The orc priest is moderately wounded.
The orc priest hits you but does no damage.
You sock the orc priest!
Your tail-slap misses the orc priest.
The orc priest is almost dead.
The orc priest hits you but does no damage.
You barely miss the orc priest.
The orc priest is almost dead.
The orc priest calls down the wrath of Beogh upon you.
Beogh smites you!
Your scale mail prevents you from hitting the orc priest.
The orc priest is almost dead.
The orc priest hits you but does no damage.
You hit the orc priest.
You kill the orc priest!
Trog accepts your kill.
You start resting.
You feel a strong urge to attack something.
You are no longer berserk.
You are exhausted.
You feel yourself slow down.
You start resting.
An orc priest comes into view. It is wielding a +0 war axe.
An orc priest is nearby!
The orc priest shouts!
The orc priest hits you with a +0 war axe.
* * * LOW HITPOINT WARNING * * *
The orc priest hits you with a +0 war axe.
* * * LOW HITPOINT WARNING * * *
You barely miss the orc priest.
Your tail-slap misses the orc priest.
You hear the rapid rusting of a distant drain.
The orc priest calls down the wrath of Beogh upon you.
You barely resist.
The orc priest begins to cast a cantrip, but forgets the words!
You sock the orc priest!
Your weapon exudes an aura of protection.
The orc priest is almost dead.
The orc priest invokes the aid of Beogh against you.
Pain shoots through your body!
You die...

####.... ........#
........ .#.....####
........ .....)##$.
........ .....##.#
#######. ....##.## #.
.......# ####. . #o#
#..# #.[.. ...####@#
#..#######....
........###.............
......).)..#.#######....
........####'# #....
..###.#.. ... #.... .
#.#........ #####
#..........#
...........#
.........###


You could see an orc priest.

Vanquished Creatures
  Edmund (D:5)
  A water moccasin skeleton (D:5)
  A howler monkey (D:5)
  A jelly (D:5)
  An orc priest (D:5)
  2 adders (D:5)
  2 river rats (D:5)
  4 worms
  A dart slug (D:2)
  An orc (D:5)
  7 bats
  4 endoplasms
  8 goblins
  3 hobgoblins
  7 jackals
  3 quokkas
  6 ball pythons
  2 frilled lizards
  5 kobolds (D:1)
  6 rats
66 creatures vanquished.

Vanquished Creatures (others)
  5 toadstools (D:1)
5 creatures vanquished.

Grand Total: 71 creatures vanquished

Notes
Turn   | Place    | Note
-------+----------+-------------------------------------------
     0 | D:1      | Kinoniko the Palentonga Berserker began the quest for the
                  | Orb.
     0 | D:1      | Reached XP level 1. HP: 19/19 MP: 1/1
   276 | D:1      | Reached XP level 2. HP: 24/25 MP: 2/2
   816 | D:1      | Reached skill level 4 in Axes
   997 | D:1      | Reached XP level 3. HP: 18/31 MP: 3/3
  1205 | D:1      | Reached ** piety under Trog
  2989 | D:3      | Reached XP level 4. HP: 37/37 MP: 4/4
  2995 | D:3      | You fall into a shaft and drop 2 floors!
  2995 | D:5      | Entered Level 5 of the Dungeon
  3037 | D:5      | Noticed Edmund
  3049 | D:5      | Killed Edmund
  3050 | D:5      | Reached skill level 6 in Axes
  3050 | D:5      | Reached XP level 5. HP: 7/43 MP: 5/5
  3336 | D:5      | Reached skill level 1 in Maces & Flails
  3417 | D:5      | Reached XP level 6. HP: 48/50 MP: 6/6
  3540 | D:5      | Killed from afar by an orc priest

Illustrated notes

Levels and vault maps discovered:
D:1:      ldierk_walled_garden, layout_basic
D:2:      layout_basic
D:3:      layout_loops_ring, hangedman_ru_absence, serial_shops, shop
D:5:      layout_basic, lightli_sewer_entry_pipes, guppyfry_early_orc_mine,
          uniq_sigmund, uniq_edmund

Skill      XL: |  1  2  3  4  5  6 |
---------------+-------------------+-----
Axes           | 4 6 |  6.1
Maces & Flails | 2 3 |  3.7
Fighting       | |  3.0
Armour         | |  1.5
Dodging        | |  1.5

Action                   |  1- 3 |  4- 6 || total
-------------------------+-------+-------++-------
Melee: Hand axe          |   150 |    10 ||   160
       Tailslap          |    20 |     8 ||    28
       Flail             |       |    41 ||    41
Invok: Berserk           |     2 |     2 ||     4
  Use: Scroll            |       |     4 ||     4
Armor: Animal skin       |    54 |       ||    54
       Scale mail        |    19 |    27 ||    46
Dodge: Dodged            |    64 |    13 ||    77

Table legend: (Time is in decaauts)
 A = Elapsed time spent in this place.
 B = Non-inter-level travel time spent in this place.
 C = Inter-level travel time spent in this place.
 D = Time resting spent in this place.
 E = Time spent auto-exploring this place.
 F = Levels seen in this place.
 G = Mean time per level.
                   A        B        C        D        E       F      G
               +--------+--------+--------+--------+--------+-----+--------+
         Total |   3587 |   3551 |     36 |    668 |   2406 |   4 |  896.8 |
       Dungeon |   3587 |   3551 |     36 |    668 |   2406 |   4 |  896.8 |
               +--------+--------+--------+--------+--------+-----+--------+

Top non-repeatable levels by time:
     D:1: 1550 daAuts
     D:2: 1307 daAuts
     D:5: 558 daAuts
     D:3: 171 daAuts
